 Dungeon Crawl Stone Soup version 0.17.2-1-ge4368a0 (webtiles) character file.

10741 Goblin1989 the Grappler (level 11, -4/86 HPs)
             Began as a Demonspawn Monk on Sept 11, 2016.
             Was an Initiate of Gozag.
             Slain by a komodo dragon (24 damage)
             ... on level 1 of the Lair of Beasts.
             The game lasted 00:43:03 (11747 turns).

Goblin1989 the Grappler (Demonspawn Monk)          Turns: 11747, Time: 00:43:03

Health: -4/86      AC: 14    Str: 16    XL:     11   Next: 40%
Magic:  11/11      EV:  8    Int: 11    God:    Gozag
Gold:   1461       SH:  0    Dex: 15    Spells: 0 memorised, 10 levels left

rFire  . . .     SeeInvis .       - Unarmed
rCold  . . .     Clarity  .     K - +1 chain mail {rPois}
rNeg   . . .     SustAt   .     (no shield)
rPois  +         Gourm    .     (helmet restricted)
rElec  .         Spirit   .     c - +2 cloak {MR+}
rCorr  .         Warding  .     (no gloves)
rMut   .         Stasis   .     (boots unavailable)
MR     ++...                    (no amulet)
Stlth  ..........               (no ring)
                                F - ring of protection from magic

@: very resistant to hostile enchantments, extremely unstealthy
A: claws 2, horns 1, talons 3, nightstalker 1, spiny 1
a: Potion Petition, Call Merchant, Bribe Branch, Renounce Religion


You were on level 1 of the Lair of Beasts.
You worshipped Gozag.
Gozag was noncommittal.
You were not hungry.

You visited 3 branches of the dungeon, and saw 13 of its levels.

You collected 1805 gold pieces.
You spent 344 gold pieces at shops.

Inventory:

Hand Weapons
 C - the +8 mace "Ritethir" {freeze, MR- Str+5 Int+5}
   (You found it on level 6 of the Dungeon)

   It has been specially enchanted to freeze those struck by it, causing extra
   injury to most foes and up to half again as much damage against particularly
   susceptible opponents.
   It can also slow down cold-blooded creatures.
   It affects your strength (+5).
   It affects your intelligence (+5).
   It affects your resistance to hostile enchantments.
Armour
 c - a +2 cloak of magic resistance (worn)
 o - a +0 pair of boots
 K - a +1 chain mail of poison resistance (worn)
Jewellery
 F - a ring of protection from magic (left claw)
Wands
 f - a wand of cold (6)
 t - a wand of polymorph (18)
 u - a wand of magic darts (2)
 v - a wand of slowing (22)
 B - a wand of enslavement (20)
 E - a wand of cold (5)
 I - a wand of frost (29)
Scrolls
 a - 2 scrolls of fear {unknown}
 d - 2 scrolls of enchant weapon {unknown}
 e - a scroll of random uselessness {unknown}
 h - a scroll of teleportation
 i - a scroll of blinking {unknown}
 l - 4 scrolls of magic mapping {unknown}
 m - 3 scrolls of amnesia
 q - 2 scrolls of fog {unknown}
 x - a scroll of enchant armour {unknown}
 y - 3 scrolls of remove curse
 D - 4 scrolls of identify
 H - a scroll of vulnerability {unknown}
Potions
 g - a potion of flight
 j - 2 potions of magic
 k - a potion of might
 n - 3 potions of curing
 r - a potion of mutation {unknown}
 s - a potion of cancellation
 z - 2 potions of resistance {unknown}
 A - a potion of agility {unknown}
 G - 6 potions of poison
Comestibles
 b - 8 bread rations (quivered)
 p - 2 meat rations
 J - 2 royal jellies


   Skills:
 + Level 8.0 Fighting
 + Level 6.6 Armour
 - Level 2.6 Dodging
 - Level 1.7 Stealth
 * Level 13.6 Unarmed Combat


You had 10 spell levels left.
You didn't know any spells.

Dungeon Overview and Level Annotations

Branches:
Dungeon (11/15)            Temple (1/1) D:7            Lair (1/8) D:8
    Orc (0/4) D:9

Altars:
Ashenzari
Cheibriados
Dithmenos
Elyvilon
Fedhas
Gozag
Kikubaaqudgha
Makhleb
Nemelex Xobeh
Okawaru
Qazlal
Ru
Sif Muna
Trog
Vehumet
Xom
Yredelemnul
Zin
The Shining One
Beogh

Shops:
D:8 [

Annotations:
D:7 Joseph
D:9 Psyche


Innate Abilities, Weirdness & Mutations

You have very sharp fingernails.
You have a pair of small horns on your head.
You have claws for feet.
You are slightly more attuned to the shadows.
You are partially covered in sharp spines.


Message History

Your kick misses the river rat.
The river rat is severely wounded.
The river rat is struck by your spines.
You kill the river rat!
You scratch the komodo dragon but do no damage.
You claw the komodo dragon, but do no damage.
You headbutt the komodo dragon, but do no damage.
The komodo dragon bites you!
* * * LOW HITPOINT WARNING * * *
You take 17 damage, and have 20/86 hp.
You claw the komodo dragon!
You claw the komodo dragon, but do no damage.
You headbutt the komodo dragon. You claw the komodo dragon.
The komodo dragon is moderately wounded.
You scratch the komodo dragon. You claw the komodo dragon.
You headbutt the komodo dragon. Your claw misses the komodo dragon.
The komodo dragon is heavily wounded.
The komodo dragon bites you!!
You die...
Your body crumbles into a pile of gold.

♣♣♣♣♣♣♣♣♣♣ ..#.## # #
......... P#.#.
###........# #.....
..#......... ####......
.##........# ##.@l$.....
..#........###..###.....
..#........'...## ....
...........##### $ ...
.##........# ..
.##........# .
###........# ###.##.#.#
########


You could see a komodo dragon.

Vanquished Creatures
  A hydra (Lair:1)
  A centaur warrior (D:11)
  An unseen horror (D:11)
  A cyclops (D:10)
  2 spiny frogs (Lair:1)
  2 black mambas (Lair:1)
  4 trolls
  3 blink frogs (Lair:1)
  A shadow (D:10)
  Grum (D:10)
  A yak (D:8)
  3 wolves
  2 hippogriffs
  A mottled dragon (D:11)
  A deep elf fighter (D:10)
  A water moccasin (Lair:1)
  6 sky beasts
  A swamp drake (D:9)
  A necrophage (D:10)
  3 orc warriors
  3 phantoms
  A wasp (D:11)
  3 centaurs
  2 ice beasts
  2 crocodiles
  6 ogres
  Blork the orc (D:6)
  6 giant frogs
  A gnoll sergeant (D:10)
  2 scorpions
  8 killer bees
  2 jellies
  A quasit (D:8)
  A giant frog zombie (D:6)
  2 crimson imps
  3 iguanas
  3 orc priests
  3 hounds
  3 giant frog skeletons
  7 orc wizards
  7 worker ants
  A hound skeleton (D:9)
  2 worker ant zombies
  8 adders
  5 gnolls (D:10)
  8 river rats
  2 shadow imps
  A white imp (D:11)
  An ufetubus (D:11)
  3 oozes
  4 worms
  The ghost of pedritolo the Charlatan, a weakling SpAr (Lair:1)
  9 giant geckos
  29 orcs
  A ball python (D:3)
  4 giant cockroaches
  5 goblins
  5 hobgoblins
  8 jackals
  6 quokkas
  5 bats
  A giant gecko zombie (D:7)
  14 giant newts
  4 kobolds
  8 rats
239 creatures vanquished.

Notes
Turn   | Place    | Note
--------------------------------------------------------------
     0 | D:1      | Goblin1989 the Demonspawn Monk began the quest for the Orb.
     0 | D:1      | Reached XP level 1. HP: 18/18 MP: 1/1
   312 | D:1      | Reached skill level 4 in Unarmed Combat
   317 | D:1      | Gained mutation: You have a pair of small horns on your head. [demonic ancestry]
   317 | D:1      | Reached XP level 2. HP: 20/24 MP: 2/2
   995 | D:2      | Found a glowing silver altar of Zin.
   995 | D:2      | Noticed an angel
  1003 | D:2      | Found a shimmering altar of Xom.
  1145 | D:2      | Gained mutation: You have sharp fingernails. [demonic ancestry]
  1145 | D:2      | Reached XP level 3. HP: 18/29 MP: 3/3
  1451 | D:2      | Reached skill level 5 in Unarmed Combat
  1772 | D:2      | Found an iron altar of Okawaru.
  1778 | D:2      | Reached XP level 4. HP: 32/35 MP: 4/4
  2281 | D:3      | Gained mutation: You are slightly more attuned to the shadows. [demonic ancestry]
  2281 | D:3      | Reached XP level 5. HP: 28/41 MP: 5/5
  2714 | D:4      | Noticed a phantom
  2741 | D:4      | Reached skill level 6 in Unarmed Combat
  3038 | D:4      | Found a roughly hewn altar of Beogh.
  3108 | D:3      | Gained mutation: You have very sharp fingernails. [demonic ancestry]
  3108 | D:3      | Reached XP level 6. HP: 38/47 MP: 6/6
  3159 | D:4      | Killed a phantom
  3159 | D:4      | Reached skill level 7 in Unarmed Combat
  3677 | D:5      | Entered Level 5 of the Dungeon
  4222 | D:6      | Noticed Blork the orc
  4233 | D:6      | Killed Blork the orc
  4233 | D:6      | Gained mutation: You have sharp toenails. [demonic ancestry]
  4233 | D:6      | Reached XP level 7. HP: 52/52 MP: 7/7
  4368 | D:6      | Found an ancient bone altar of Kikubaaqudgha.
  4378 | D:6      | Reached skill level 8 in Unarmed Combat
  5237 | D:6      | Got a dazzling mace
  5238 | D:6      | Identified the +8 mace "Ritethir" {freeze, MR- Str+5 Int+5} (You found it on level 6 of the Dungeon)
  5544 | D:7      | Found a staircase to the Ecumenical Temple.
  5555 | Temple   | Entered the Ecumenical Temple
  5637 | Temple   | Became a worshipper of Gozag Ym Sagoz the Greedy
  5725 | D:7      | Found a sparkling altar of Nemelex Xobeh.
  5725 | D:7      | Found a snail-covered altar of Cheibriados.
  5726 | D:7      | Found a bloodstained altar of Trog.
  5782 | D:7      | Noticed Joseph
  5811 | D:7      | Reached skill level 9 in Unarmed Combat
  5980 | D:7      | Gained mutation: You have razor-sharp toenails. [demonic ancestry]
  5980 | D:7      | Reached XP level 8. HP: 39/58 MP: 8/8
  6074 | D:8      | Found Yshreoxu's Armour Shoppe.
  6081 | D:8      | Bought a +2 cloak of magic resistance for 344 gold pieces
  6165 | D:8      | Reached skill level 10 in Unarmed Combat
  6479 | D:8      | Reached skill level 1 in Armour
  6609 | D:8      | Found a staircase to the Lair.
  6681 | D:8      | Reached XP level 9. HP: 48/65 MP: 9/9
  6968 | D:9      | Reached skill level 11 in Unarmed Combat
  7498 | D:9      | Found a staircase to the Orcish Mines.
  7894 | D:9      | Reached skill level 5 in Fighting
  7921 | D:10     | Entered Level 10 of the Dungeon
  7934 | D:10     | Noticed Grum
  7956 | D:9      | Noticed Psyche
  8280 | D:10     | Killed Grum
  8282 | D:10     | Reached skill level 12 in Unarmed Combat
  8282 | D:10     | Gained mutation: You are partially covered in sharp spines. [demonic ancestry]
  8282 | D:10     | Reached XP level 10. HP: 18/76 MP: 10/10
  8840 | D:10     | Noticed a cyclops
  8846 | D:11     | Noticed a centaur warrior
  8854 | D:11     | Killed a centaur warrior
  9256 | D:11     | Killed an unseen horror
  9531 | D:11     | Reached skill level 5 in Armour
 10057 | D:10     | Killed a cyclops
 10173 | D:10     | Reached skill level 13 in Unarmed Combat
 10606 | D:10     | Gained mutation: You have claws for feet. [demonic ancestry]
 10606 | D:10     | Reached XP level 11. HP: 66/84 MP: 11/11
 11122 | Lair:1   | Entered Level 1 of the Lair of Beasts
 11176 | Lair:1   | Noticed pedritolo's ghost (weakling SpAr)
 11180 | Lair:1   | Killed pedritolo's ghost
 11636 | Lair:1   | Noticed a four-headed hydra
 11651 | Lair:1   | Killed a four-headed hydra
 11747 | Lair:1   | Slain by a komodo dragon

Action                   |  1- 3 |  4- 6 |  7- 9 | 10-12 || total
-------------------------+-------+-------+-------+-------++-------
Melee: Unarmed           |   130 |   142 |   306 |   198 ||   776
Invok: Potion Petition   |       |       |     1 |       ||     1
Evoke: Wand              |       |       |     9 |       ||     9
  Use: Scroll            |       |     4 |     4 |       ||     8
       Potion            |       |     1 |     4 |     2 ||     7
 Stab: Sleeping          |       |     9 |     5 |       ||    14
       Invisible         |       |       |     2 |       ||     2
       Distracted        |       |       |     1 |       ||     1
  Eat: Chunk             |     2 |     8 |     2 |       ||    12
       Royal jelly       |       |       |     2 |     2 ||     4
       Meat ration       |       |       |     1 |     1 ||     2
       Beef jerky        |       |       |     1 |     1 ||     2
       Pizza             |       |       |     1 |       ||     1
       Fruit             |       |       |       |     1 ||     1
